 Dungeon Crawl Stone Soup version 0.30-a0-632-g346586fe48 (webtiles) character file.

Game seed: 7934168327498153585

112 Keirns the Ruffian (level 4, -4/35 HPs)
             Began as a Draconian Transmuter on Jan 13, 2023.
             Slain by an iguana (7 damage)
             ... on level 4 of the Dungeon.
             The game lasted 00:10:55 (2033 turns).

Keirns the Ruffian (Draconian Transmuter)           Turns: 2033, Time: 00:10:56

Health: -4/35      AC:  5    Str: 14    XL:     4   Next: 64%
Magic:  7/7        EV: 12    Int: 13    God:
Gold:   132        SH:  0    Dex: 12    Spells: 6/7 levels left

rFire   . . .      SeeInvis .      - Unarmed
rCold   . . .      Faith    .    (no shield)
rNeg    . . .      Spirit   .    (body armour unavailable)
rPois   .          Reflect  .    (helmet restricted)
rElec   .          Harm     .    (no cloak)
rCorr   .          Rampage  .    (no gloves)
Will    .....                    (no boots)
Stlth   +                        (no amulet)
HPRegen 0.25/turn                (no ring)
MPRegen 0.10/turn                (no ring)

@: no status effects
A: AC +5, unfitting armour, cold-blooded
a: no special abilities


You were on level 4 of the Dungeon.
You visited 1 branch of the dungeon, and saw 4 of its levels.

You collected 132 gold pieces.

Inventory:

Jewellery
 m - an amulet of magic regeneration
 p - an amulet of the acrobat
Scrolls
 e - a scroll of teleportation {unknown}
 g - 3 scrolls of identify {unknown}
 h - a scroll of amnesia {unknown}
 i - 2 scrolls of enchant weapon {unknown}
 j - a scroll of magic mapping {unknown}
 n - a scroll of fog {unknown}
 o - a scroll of brand weapon {unknown}
 q - a scroll of noise {unknown}
Potions
 a - a potion of lignification
 b - a potion of attraction {unknown}
 c - 2 potions of might {unknown}
 d - 2 potions of curing {unknown}
 f - a potion of mutation {unknown}
 k - 2 potions of degeneration {unknown}
 l - a potion of berserk rage {unknown}


   Skills:
 + Level 1.2 Fighting
 + Level 2.6 Dodging
 + Level 0.2 Stealth
 + Level 4.6 Unarmed Combat
 + Level 2.2 Spellcasting
 + Level 2.1 Transmutations


You had 6 spell levels left.
You knew the following spells:

 Your Spells              Type           Power      Damage    Failure   Level
a - Beastly Appendage     Tmut           12%        N/A       11%         1

Your spell library contained the following spells:

 Spells                   Type           Power      Damage    Failure   Level
 Wereblood                Tmut           6%         N/A       16%         2
 Foxfire                  Conj/Fire      4%         2x1d4     26%         1
 Necrotise                Necr           4%         1d4       26%         1
 Spider Form              Tmut/Pois      4%         N/A       43%         3
 Vampiric Draining        Necr           1%         2d6       58%         3
 Ice Form                 Ice/Tmut       4%         N/A       85%         4
 Agony                    Necr           1%         N/A       100%        5
 Fireball                 Conj/Fire      0%         3d3       100%        5
 Starburst                Conj/Fire      0%         6d3       100%        6


Dungeon Overview and Level Annotations

Branches:
Dungeon (4/15)
 Temple: D:4-7

Altars:
Zin

Shops:
D:1 *[?


Innate Abilities, Weirdness & Mutations

Your plain brown scales are hard. (AC +5)
You cannot fit into any form of body armour.
You are cold-blooded and may be slowed by cold attacks.


Message History

You kill the hobgoblin!
You hit the orc.
The orc is heavily wounded.
The orc hits you with a +0 hand axe.
You hit the orc.
The orc is severely wounded.
The orc closely misses you.
You hit the orc.
You kill the orc!
A hobgoblin comes into view.
An iguana comes into view.
Things that are here:
a +0 hand axe; 2 boomerangs The hobgoblin shouts!
You hear a shout!
You hear an angry hiss.
The iguana hisses angrily.
You hear a shout!
An adder comes into view.
The adder hisses angrily.
The hobgoblin attacks as you move away! The hobgoblin misses you.
The hobgoblin barely misses you.
Things that are here:
a +0 hand axe; 2 boomerangs The hobgoblin attacks as you move away!
The hobgoblin misses you. The hobgoblin attacks as you move away!
The hobgoblin misses you.
The iguana bites you but does no damage.
The iguana attacks as you move away! The iguana bites you!
The hobgoblin hits you but does no damage.
The iguana bites you but does no damage.
You barely miss the iguana. The iguana bites you! The hobgoblin hits you.
You hit the iguana but do no damage. The iguana closely misses you.
The hobgoblin barely misses you.
You completely miss the iguana.
The iguana bites you but does no damage.
The hobgoblin barely misses you. The iguana bites you!
* * * LOW HITPOINT WARNING * * *
The hobgoblin hits you but does no damage.
You hit the hobgoblin.
The hobgoblin is lightly wounded.
The iguana bites you!
You die...

....###########
......)......#
#....[......#
#..........#
#....<.....#
#..........#
#).........#
#..........#
###g@........#
#####.Sl.........#
##..)...###########
#........#
#..........#
..............#
.##...........#
##..........#
#..........#


You could see an iguana, an adder and a hobgoblin.

Vanquished Creatures
  6 adders
  2 worms (D:2)
  3 orcs
  4 endoplasms (D:1)
  A giant cockroach (D:2)
  6 hobgoblins
  5 kobolds
  2 quokkas
  2 ball pythons
  7 bats
  2 frilled lizards
  6 goblins
  5 rats
51 creatures vanquished.

Notes
Turn   | Place    | Note
-------+----------+-------------------------------------------
     0 | D:1      | Keirns the Draconian Transmuter began the quest for the
                  | Orb.
     0 | D:1      | Reached XP level 1. HP: 16/16 MP: 3/3
   186 | D:1      | Found Qej Rati's Magic Scroll Boutique.
   191 | D:1      | Reached XP level 2. HP: 21/23 MP: 5/5
   268 | D:1      | Found Taggifol's Antique Armour Shoppe.
   308 | D:1      | Found Dizimur's Assorted Antiques.
   675 | D:2      | Reached XP level 3. HP: 28/28 MP: 6/6
   988 | D:2      | Reached skill level 4 in Unarmed Combat
  1376 | D:3      | Reached XP level 4. HP: 27/35 MP: 7/7
  1446 | D:3      | Found a glowing silver altar of Zin.
  2033 | D:4      | Slain by an iguana

Illustrated notes

Levels and vault maps discovered:
D:1:      psy_arrival_wood_between_worlds, layout_basic, serial_shops, shop,
          nicolae_shop_behind_doors, shop, shop
D:2:      layout_basic, uniq_crazy_yiuf_cottage
D:3:      layout_basic, mainiacjoe_overflow_tiny_flanked
D:4:      layout_rooms, xom_teletrap_fun, elyvilon_altar_1

Skill      XL: |  1  2  3 |
---------------+----------+-----
Dodging        | 2 |  2.6
Unarmed Combat | 4 |  4.6
Fighting       | |  1.2
Stealth        | |  0.2
Spellcasting   | |  2.2
Transmutations | |  2.1

Action                   |  1- 3 |  4- 6 || total
-------------------------+-------+-------++-------
Melee: Unarmed           |   153 |    52 ||   205
       Tailslap          |    23 |    11 ||    34
       Punch             |     6 |     1 ||     7
  Use: Potion            |     1 |       ||     1
Armor: Skin              |    56 |    14 ||    70
Dodge: Dodged            |   107 |    38 ||   145

Table legend: (Time is in decaauts)
 A = Elapsed time spent in this place.
 B = Non-inter-level travel time spent in this place.
 C = Inter-level travel time spent in this place.
 D = Time resting spent in this place.
 E = Time spent auto-exploring this place.
 F = Levels seen in this place.
 G = Mean time per level.
                   A        B        C        D        E       F      G
               +--------+--------+--------+--------+--------+-----+--------+
         Total |   2019 |   2008 |     11 |      0 |      0 |   4 |  504.8 |
       Dungeon |   2019 |   2008 |     11 |      0 |      0 |   4 |  504.8 |
               +--------+--------+--------+--------+--------+-----+--------+

Top non-repeatable levels by time:
     D:3: 834 daAuts
     D:2: 734 daAuts
     D:1: 397 daAuts
     D:4: 53 daAuts
